 Dungeon Crawl Stone Soup version 0.26-a0-599-gc8f6553d2c (webtiles) character file.

Game seed: 5252447134771192697

472514 ANON1729 the Slayer (level 23, -4/234 HPs)
             Began as a Minotaur Fighter on Aug 29, 2020.
             Was the Champion of Cheibriados.
             Slain by a spark wasp (16 damage)
             ... on level 2 of the Depths.
             The game lasted 01:51:43 (51801 turns).

ANON1729 the Slayer (Minotaur Fighter)             Turns: 51801, Time: 01:51:44

Health: -4/234     AC: 29    Str: 47    XL:     23   Next: 56%
Magic:  36/36      EV: 14    Int: 24    God:    Cheibriados [******]
Gold:   2428       SH:  9    Dex: 33    Spells: 22/22 levels left

rFire    + . .     SeeInvis .   T - +7 longbow "Noc Ani" {flame, MR- Int+4 Dex+6}
rCold    + . .     Faith    .   (shield currently unavailable)
rNeg     . . .     Spirit   .   y - +6 scale mail "Lifedafi" {+Blink}
rPois    +         Reflect  +   b - +0 hat "Nanoi" {MR+ Str+3 Slay+2}
rElec    .         Harm     .   a - scarf {rC+ rF+}
rCorr    .         Clarity  +   p - +3 pair of gauntlets of War {Slay+5}
MR       ++...                  D - +1 pair of boots
Stlth    +.........             X - amulet of reflection
HPRegen  0.49/turn              z - ring of poison resistance
MPRegen  0.25/turn              Q - +4 ring of protection

@: about to teleport, very slow
A: retaliatory headbutt, horns 2, talons 1, large bone plates 1, clarity, magic
resistance 1, MP-powered wands
}: 2/15 runes: serpentine, barnacled
a: Bend Time, Temporal Distortion, Slouch, Step From Time, Renounce Religion,
Evoke Blink


You were on level 2 of the Depths.
You worshipped Cheibriados.
Cheibriados was exalted by your worship.
You visited 9 branches of the dungeon, and saw 43 of its levels.
You visited the Abyss 2 times.
You visited 1 bazaar.
You also visited: Sewer, Ossuary, Bailey, Gauntlet and Volcano.

You collected 7651 gold pieces.
You spent 5223 gold pieces at shops.

Inventory:

Hand Weapons
 J - the +6 flail of Omesch {elec, rF+ rC+ MR+ MP-9}
   (You found it on level 5 of the Dungeon)

   Occasionally, upon striking a foe, it will discharge some electrical energy
   and cause terrible harm.
   It protects you from fire.
   It protects you from cold.
   It affects your resistance to hostile enchantments.
   It affects your magic capacity (-9).
 T - the +7 longbow "Noc Ani" (weapon) {flame, MR- Int+4 Dex+6}
   (You bought it in a shop on level 1 of the Orcish Mines)

   It causes projectiles fired from it to burn those they strike, causing extra
   injury to most foes and up to half again as much damage against particularly
   susceptible opponents.
   It affects your intelligence (+4).
   It affects your dexterity (+6).
   It affects your resistance to hostile enchantments.
Missiles
 C - 1370 arrows (quivered)
Armour
 a - a scarf of resistance (worn)
 b - the +0 hat "Nanoi" (worn) {MR+ Str+3 Slay+2}
   (You acquired it on level 2 of the Snake Pit)

   It affects your strength (+3).
   It affects your accuracy and damage with ranged weapons and melee attacks
   (+2).
   It affects your resistance to hostile enchantments.
 p - the +3 pair of gauntlets of War (worn) {Slay+5}
   (You found it on level 1 of the Lair of Beasts)

   It affects your accuracy and damage with ranged weapons and melee attacks
   (+5).
 y - the +6 scale mail "Lifedafi" (worn) {+Blink}
   (You found it on level 2 of the Elven Halls)

   It lets you blink.
 D - a +1 pair of boots (worn)
 K - the +6 kite shield "Syfibus" {Str+4}
   (You found it on level 6 of the Dungeon)

   It affects your strength (+4).
 O - the +1 cloak of the Great Game {Harm rF+ rC- Str+5}
   (You found it on level 6 of the Dungeon)

   It affects your strength (+5).
   It protects you from fire.
   It makes you vulnerable to cold.
   It increases damage dealt and taken.
Jewellery
 j - an uncursed ring of positive energy
 t - an uncursed ring of see invisible
 z - a ring of poison resistance (left hand)
 Q - a +4 ring of protection (right hand)
 R - an uncursed ring of ice
 X - an amulet of reflection (around neck)
Wands
 o - a wand of enslavement (8)
 A - a wand of iceblast (12)
 B - a wand of disintegration (64)
 M - a wand of flame (15)
 N - a wand of digging (9)
 V - a wand of acid (31)
Scrolls
 e - 2 scrolls of summoning
 g - 12 scrolls of immolation
 i - 20 scrolls of identify
 k - 5 scrolls of blinking
 m - 19 scrolls of remove curse
 q - 8 scrolls of amnesia
 u - 7 scrolls of fear
 w - 18 scrolls of teleportation
 F - 3 scrolls of silence
 H - 7 scrolls of fog
 I - 7 scrolls of magic mapping
 S - 4 scrolls of enchant weapon
 W - 2 scrolls of holy word
 Z - 2 scrolls of enchant armour
Potions
 c - 5 potions of stabbing
 d - 6 potions of might
 f - 26 potions of curing
 n - 7 potions of brilliance
 r - 7 potions of cancellation
 s - 4 potions of heal wounds
 x - a potion of magic
 G - 2 potions of invisibility
 L - 12 potions of ambrosia
 P - 5 potions of flight
 U - 7 potions of lignification
 Y - 5 potions of resistance
Miscellaneous
 h - a phantom mirror
 l - a lightning rod (4/4)
 v - a condenser vane (2/2)
 E - a tin of tremorstones (3/3)


   Skills:
 * Level 25.2 Fighting
   Level 2.9 Long Blades
 * Level 22.6 Bows
 * Level 20.7 Armour
 - Level 3.0 Dodging
 - Level 3.8 Shields
 * Level 20.6 Invocations
 + Level 8.0 Evocations


You had 22 spell levels left.
You didn't know any spells.
Your spell library contained the following spells:

 Spells                   Type           Power        Failure   Level
 Animate Skeleton         Necr           #.....       19%         1
 Apportation              Tloc           #.....       19%         1
 Foxfire                  Conj/Fire      #...         19%         1
 Pain                     Necr           #...         19%         1
 Sandblast                Erth           #.....       19%         1
 Shock                    Conj/Air       #...         19%         1
 Sting                    Tmut/Pois      #...         19%         1
 Blink                    Tloc           N/A          28%         2
 Corpse Rot               Necr/Air       N/A          28%         2
 Passwall                 Tmut/Erth      #.......     28%         2
 Sublimation of Blood     Necr           #.........   28%         2
 Swiftness                Air            #.......     28%         2
 Wereblood                Tmut           #.......     28%         2
 Conjure Flame            Conj/Fire      #.......     50%         3
 Gell's Gravitas          Tloc           #.........   50%         3
 Ignite Poison            Fire/Tmut/Pois #.......     50%         3
 Lesser Beckoning         Tloc           #.........   50%         3
 Static Discharge         Conj/Air       #.......     50%         3
 Stone Arrow              Conj/Erth      #.....       50%         3
 Teleport Other           Tloc           #.......     50%         3
 Tukima's Dance           Hex            #.......     50%         3
 Vampiric Draining        Necr           #.........   50%         3
 Airstrike                Air            #.........   88%         4
 Animate Dead             Necr           #.........   88%         4
 Cause Fear               Hex            #.........   88%         4
 Dispel Undead            Necr           #.......     88%         4
 Hailstorm                Conj/Ice       #.......     88%         4
 Passage of Golubria      Tloc           N/A          88%         4
 Petrify                  Tmut/Erth      #.......     88%         4
 Summon Ice Beast         Ice/Summ       #.......     88%         4
 Summon Lightning Spire   Summ/Air       #.......     88%         4
 Agony                    Necr           #.......     99%         5
 Alistair's Intoxication  Tmut/Pois      #........    99%         5
 Borgnjor's Vile Clutch   Necr/Erth      #.........   99%         5
 Excruciating Wounds      Necr           #.........   99%         5
 Fireball                 Conj/Fire      #.........   99%         5
 Irradiate                Conj/Tmut      #.........   99%         5
 Lee's Rapid Deconstruct  Erth           #.........   99%         5
 Lightning Bolt           Conj/Air       #.........   99%         5
 Silence                  Hex/Air        #.........   99%         5
 Yara's Violent Unravell  Hex/Tmut       #.........   99%         5
 Conjure Ball Lightning   Conj/Air       #.........   100%        6
 Death Channel            Necr           #.........   100%        6
 Eringya's Noxious Bog    Tmut/Pois      #.........   100%        6
 Hydra Form               Tmut           #.........   100%        6
 Invisibility             Hex            #.......     100%        6
 Ozocubu's Refrigeration  Ice            #.........   100%        6
 Simulacrum               Ice/Necr       #.........   100%        6
 Starburst                Conj/Fire      #.........   100%        6
 Statue Form              Tmut/Erth      #........    100%        6
 Dragon Form              Tmut           #.........   100%        7
 Chain Lightning          Conj/Air       #.........   100%        8
 Ignition                 Fire           #.........   100%        8
 Lehudib's Crystal Spear  Conj/Erth      #.........   100%        8
 Absolute Zero            Ice            #.........   100%        9
 Dragon's Call            Summ           #.........   100%        9
 Fire Storm               Conj/Fire      #.........   100%        9
 Shatter                  Erth           #.........   100%        9
 Tornado                  Air            #.........   100%        9


Dungeon Overview and Level Annotations

Branches:
Dungeon (15/15)            Temple (1/1) D:5            Lair (6/6) D:9
 Shoals (4/4) Lair:3        Snake (4/4) Lair:2        Slime (0/5) Lair:6
    Orc (2/2) D:11            Elf (3/3) Orc:2        Vaults (5/5) D:13
  Crypt (0/3) Vaults:2     Depths (3/5) D:15          Sewer (visited)
Ossuary (visited)          Bailey (visited)         Volcano (visited)
Gauntlet (visited)

Altars:
Ashenzari
Cheibriados
Dithmenos
Elyvilon
Fedhas
Gozag
Hepliaklqana
Kikubaaqudgha
Makhleb
Nemelex Xobeh
Okawaru
Qazlal
Ru
Sif Muna
Trog
Uskayaw
Vehumet
Wu Jian
Xom
Yredelemnul
Zin
The Shining One
Beogh
Jiyva

Shops:
D:7 :   D:8 (   D:12 [   Orc:1 (   Orc:2 [}:?   Elf:1 ?   Elf:3 [   Shoals:3 :
Snake:2 [((

Portals:
Hell: Depths:1 Depths:2
Abyss: Depths:1
Ziggurat: Depths:1

Annotations:
Shoals:2 3 runed translucent doors, Kiref's ghost, adept HOFi; Omuilom's ghost, journeyman MiGl; Xash's ghost, adept MiBe; rasy's ghost, adept MiHu
Shoals:3 1 runed translucent door, semitonal's ghost, adept KoEn
Snake:2 3 runed translucent doors, UristMcRaven's ghost, adept DECj


Innate Abilities, Weirdness & Mutations

You reflexively headbutt those who attack you in melee.
You have a pair of horns on your head.
You have sharp toenails.
You are partially covered in large bone plates. (SH +4)
You possess an exceptional clarity of mind.
You are resistant to hostile enchantments. (MR+)
You expend magic power (3 MP) to strengthen your wands.


Message History

The storm dragon claws you but does no damage.
You block the storm dragon's attack.
You climb upwards.
There is a stone staircase leading down here.
As you read the scroll of teleportation, it crumbles to dust.
You feel strangely unstable. You block the spark wasp's attack.
The storm dragon bites you but does no damage.
You block the storm dragon's attack.
The storm dragon tramples you but does no damage.
The spark wasp stings you.
* * * LOW HITPOINT WARNING * * *
The spark wasp shocks you!
* * * LOW HITPOINT WARNING * * *
The storm dragon breathes lightning at you.
The bolt of lightning hits you!!!
* * * LOW HITPOINT WARNING * * *
The spark wasp stings you.
* * * LOW HITPOINT WARNING * * *
The spark wasp shocks you!
You die...

......#......≈....#.#............
......#####...#######......#.###.
..........#...#....#####'#.#.# #.
.......#.##...'........#.#.#.# #.
..........#...#...(....#.#.#.# #.
.......#.######..........#.#.###.
.......#.##......................
.......................#.###.###.
.......#........@#######.###.###.
................>y....(..........
...............D.#####.......###.
.!.....#..#..###.# #......#.# #.
.......#..#..# #.####......#.# #.
.......^.....###.#.........#.# #.
.................#.........#.###.
.............##..#...............
..........<......................


You could see a storm dragon (catching breath) and a spark wasp.

Vanquished Creatures
  An ancient lich (Depths:3)
  Vashnia (Snake:3)
  2 liches
  Rupert (D:14)
  Jorgrun (Elf:2)
  Asterion (Snake:1)
  2 deep elf blademasters (Elf:3)
  A quicksilver dragon (Depths:1)
  2 tentacled starspawn (Abyss:2)
  2 deep elf master archers (Elf:3)
  2 tengu reavers (Depths:2)
  An ancient champion (Vaults:2)
  4 sphinxes
  A storm dragon (shapeshifter) (Depths:3)
  A storm dragon (Depths:3)
  10 nagarajas (Snake:4)
  5 fire giants
  An iron dragon (shapeshifter) (Depths:3)
  4 deep elf sorcerers
  3 frost giants
  Aizul (Snake:4)
  2 deep elf elementalists (Elf:3)
  10 vault wardens
  2 war gargoyles
  11 ironheart preservers
  12 very ugly things
  12 stone giants
  A minotaur (Gauntlet)
  6 deep elf demonologists (Elf:3)
  2 spark wasps
  8 deep elf annihilators
  6 ettins
  8 merfolk javelineers
  3 crystal guardians
  9 deep elf death magi
  The ghost of Zuilysosh the Geomancer, a journeyman DsEE of Makhleb (D:13)
  8 yaktaur captains
  4 fire dragons
  7 merfolk impalers (Shoals:4)
  5 great orbs of eyes
  4 ice dragons
  9 vault guards
  6 hydras
  2 deep elf high priests (Elf:3)
  14 naga warriors
  5 spriggan air magi
  8 anacondas
  4 rakshasas
  An alligator snapping turtle (Shoals:4)
  11 centaur warriors
  2 catoblepae
  6 merfolk avatars
  A juggernaut simulacrum (Depths:3)
  4 merfolk aquamancers
  2 deep troll earth magi
  14 ogre magi
  41 two-headed ogres
  2 deep troll shamans (Depths:1)
  3 tengu warriors (Depths:1)
  3 satyrs
  19 naga sharpshooters
  A death yak (Lair:6)
  3 thrashing horrors (Abyss:2)
  Urug (Orc:2)
  29 dancing weapons
  5 orc high priests
  8 shock serpents
  6 hell knights (Depths:1)
  24 deep elf knights
  2 shadow wraiths
  A spatial maelstrom (Abyss:2)
  4 wretched stars (Abyss:2)
  A sixfirhy (Abyss:2)
  4 salamander mystics
  A fire crab (Gauntlet)
  8 sea snakes
  3 skeletal warriors
  8 deep trolls
  7 glowing orange brains
  28 slime creatures
  7 naga ritualists
  A death drake (shapeshifter) (D:15)
  4 swamp dragons (Lair:1)
  5 starcursed masses (Abyss:2)
  A lindwurm (Lair:6)
  An unseen horror (shapeshifter) (Vaults:4)
  A shadow demon (Abyss:2)
  7 wizards
  A flayed ghost (Vaults:3)
  31 harpies
  Pikel (D:7)
  2 anaconda skeletons (Volcano)
  10 ironbrand convokers
  9 deep elf archers
  18 orc knights
  12 mana vipers
  5 necromancers
  A shining eye (Abyss:2)
  21 salamanders
  12 fauns
  A wolf spider (shapeshifter) (Vaults:4)
  8 orc sorcerers
  11 elephants
  9 cyclopes
  6 oklob plants
  56 deep elf magi
  47 ugly things
  A sphinx skeleton (Depths:1)
  15 manticores
  9 merfolk sirens
  8 vault sentinels
  5 guardian serpents
  3 large abominations (Abyss:2)
  5 wolf spiders
  An apocalypse crab (Abyss:2)
  31 naga magi
  4 molten gargoyles
  8 water nymphs
  44 black mambas
  A fire giant skeleton (Depths:1)
  Maggie (D:10)
  6 gargoyles
  A rime drake (Lair:3)
  12 cane toads
  3 small abominations
  9 freezing wraiths
  50 yaktaurs
  A minotaur zombie (Gauntlet)
  An efreet (D:15)
  An ancient zyme (Abyss:2)
  A golden dragon simulacrum (Depths:1)
  A kobold demonologist (D:15)
  8 komodo dragons
  A demonic crawler (Abyss:2)
  A komodo dragon (shapeshifter) (Vaults:2)
  2 queen bees
  5 tengu conjurers
  2 queen bees (shapeshifter)
  6 trolls
  46 merfolk
  A merfolk (shapeshifter) (Depths:3)
  3 meliai (D:13)
  Grinder (D:5)
  7 wind drakes
  7 raiju (Abyss:2)
  5 blink frogs
  2 hornets
  A hornet (shapeshifter) (Vaults:2)
  17 hippogriffs
  4 harpy skeletons (Volcano)
  2 hippogriffs (shapeshifter)
  15 snapping turtles
  Prince Ribbit (Lair:1)
  10 dream sheep
  5 flying skulls
  A shadow (Abyss:2)
  3 air elementals
  Sigmund (D:2)
  21 water elementals
  6 wyverns
  A tarantella (shapeshifter) (Vaults:2)
  2 basilisks (shapeshifter)
  An ettin skeleton (Depths:1)
  A fire bat (shapeshifter) (Vaults:1)
  3 wraiths
  7 fire elementals
  2 vampires
  A wyvern (shapeshifter) (Vaults:3)
  2 ynoxinuls (Abyss:2)
  21 humans (D:13)
  3 fire bats (Gauntlet)
  45 yaks
  A redback (shapeshifter) (D:13)
  5 basilisks
  Eustachio (D:5)
  2 chaos spawn (Abyss:2)
  A neqoxec (D:13)
  2 steam dragons (Lair:6)
  A human simulacrum (Vaults:2)
  Menkaure (D:5)
  9 wargs
  3 acid dragons
  6 hell hounds
  69 nagas
  9 water moccasins
  13 porcupines
  50 orc warriors
  2 black bears
  A phantom (D:9)
  2 ice beasts
  6 sky beasts
  An eye of draining (D:10)
  An ice beast (shapeshifter) (Depths:3)
  Purgy (Sewer)
  2 necrophages
  28 ogres
  An eye of draining (shapeshifter) (D:13)
  A lemure (D:7)
  5 wolves (Gauntlet)
  4 boggarts
  11 crocodiles
  28 centaurs
  4 big kobolds
  21 bullfrogs
  A wyvern zombie (D:7)
  4 water moccasin zombies (Ossuary)
  8 scorpions
  A wyvern skeleton (D:10)
  65 killer bees
  8 wights (D:10)
  A killer bee (shapeshifter) (D:13)
  3 spriggan skeletons (Volcano)
  3 electric eels
  A howler monkey (D:4)
  A crimson imp (Abyss:2)
  A bullfrog zombie (D:13)
  5 lava snakes (Lair:6)
  A quasit (D:8)
  A jelly (D:14)
  A centaur zombie (D:4)
  5 hounds
  A gnoll shaman (D:10)
  21 orc priests
  20 orc wizards
  2 bullfrog skeletons
  3 centaur skeletons
  Ijyb (D:3)
  8 iguanas
  7 worker ants
  A killer bee zombie (D:8)
  4 big kobold zombies (Ossuary)
  2 naga skeletons (Volcano)
  3 hound zombies
  2 mummies (Ossuary)
  5 worker ant zombies
  Robin (D:1)
  10 gnolls
  10 adders
  2 howler monkey skeletons
  A river rat (shapeshifter) (D:13)
  A shadow imp (D:4)
  2 white imps
  3 ufetubi
  2 oozes
  An adder skeleton (D:4)
  5 adder zombies (Ossuary)
  4 worms
  2 dart slugs
  4 leopard geckos
  104 orcs
  4 ball pythons
  7 giant cockroaches
  4 gnoll zombies (Ossuary)
  22 goblins
  14 hobgoblins
  10 jackals
  4 quokkas
  4 bats
  10 frilled lizards
  A giant cockroach zombie (D:4)
  4 hobgoblin zombies (Ossuary)
  27 kobolds
  7 kobold zombies (Ossuary)
  A leopard gecko skeleton (D:4)
  4 orc zombies (Ossuary)
  2 quokka zombies
  9 rats
  3 starspawn tentacles (Abyss:2)
2023 creatures vanquished.

Vanquished Creatures (others)
  A deep elf knight (Elf:2)
  Sonja (D:13)
  A shadow wraith (Vaults:2)
  A small abomination (Elf:3)
  A flying skull (Volcano)
  An orc priest (Orc:2)
  2 crawling corpses (Elf:3)
  15 fungi
  155 plants
  2 starspawn tentacles (Abyss:2)
  26 withered plants
206 creatures vanquished.

Grand Total: 2229 creatures vanquished

Notes
Turn   | Place    | Note
-------+----------+-------------------------------------------
     0 | D:1      | ANON1729 the Minotaur Fighter began the quest for the Orb.
     0 | D:1      | Reached XP level 1. HP: 19/19 MP: 0/0
    53 | D:1      | Reached XP level 2. HP: 16/27 MP: 1/1
    88 | D:1      | Reached skill level 4 in Fighting
   237 | D:1      | Reached XP level 3. HP: 22/34 MP: 2/2
   649 | D:1      | Found a sacrificial altar of Ru.
   682 | D:2      | Noticed Robin
   696 | D:1      | Killed Robin
   696 | D:1      | Reached skill level 5 in Fighting
   701 | D:1      | Reached XP level 4. HP: 30/42 MP: 3/3
  1261 | D:2      | Noticed Sigmund
  1273 | D:2      | Killed Sigmund
  1273 | D:2      | Reached skill level 6 in Fighting
  1273 | D:2      | Reached skill level 5 in Armour
  1273 | D:2      | Reached XP level 5. HP: 31/51 MP: 4/4
  1273 | D:2      | Reached XP level 6. HP: 35/58 MP: 5/5
  1551 | D:3      | Reached skill level 7 in Fighting
  1581 | D:3      | Noticed Ijyb
  1599 | D:3      | Killed Ijyb
  1970 | D:3      | Found an opulent altar of Gozag.
  2125 | D:4      | Found an iron altar of Okawaru.
  2177 | D:4      | Reached skill level 8 in Fighting
  2177 | D:4      | Reached XP level 7. HP: 50/68 MP: 6/6
  2643 | D:5      | Entered Level 5 of the Dungeon
  2660 | D:5      | Found a staircase to the Ecumenical Temple.
  2661 | D:5      | Noticed Grinder
  2663 | D:5      | Paralysed by Grinder for 6 turns
  2672 | D:5      | Paralysed by Grinder for 5 turns
  2681 | D:5      | Paralysed by Grinder for 2 turns
  2841 | D:5      | Reached skill level 9 in Fighting
  2841 | D:5      | Reached skill level 1 in Bows
  2885 | D:5      | Noticed Menkaure
  2890 | D:5      | Killed Menkaure
  2902 | D:5      | Found a glowing drain.
  2935 | Sewer    | Entered a sewer
  3074 | Sewer    | Noticed Purgy
  3081 | Sewer    | Killed Purgy
  3081 | Sewer    | Reached XP level 8. HP: 70/78 MP: 7/7
  3291 | D:5      | Killed Grinder
  3621 | D:5      | Got a warped flail
  3622 | D:5      | Identified the +6 flail of Omesch {elec, rF+ rC+ MR+ MP-9}
                  | (You found it on level 5 of the Dungeon)
  3660 | D:5      | Noticed Eustachio
  3704 | D:5      | Killed Eustachio
  3704 | D:5      | Reached skill level 10 in Fighting
  3819 | Temple   | Entered the Ecumenical Temple
  4169 | Temple   | Became a worshipper of Cheibriados the Contemplative
  4292 | D:6      | Found a sacrificial altar of Ru.
  4328 | D:6      | Found a faded altar of an unknown god.
  4328 | D:6      | Found a hide-covered altar of Uskayaw.
  4333 | D:6      | Found a shattered altar of Ashenzari.
  4335 | D:6      | Found a faded altar of an unknown god.
  4337 | D:6      | Found an ornate altar of the Wu Jian Council.
  4371 | D:6      | Found a sand-covered staircase.
  4373 | D:6      | Got a pitted kite shield
  4384 | D:6      | Identified the +6 kite shield "Syfibus" {Str+4} (You found
                  | it on level 6 of the Dungeon)
  4391 | Ossuary  | Entered an ossuary
  4468 | Ossuary  | Reached * piety under Cheibriados
  4489 | Ossuary  | Reached skill level 5 in Bows
  4579 | D:6      | Found a glowing silver altar of Zin.
  4580 | D:6      | Found a blossoming altar of Fedhas.
  4584 | D:6      | Found a radiant altar of Vehumet.
  4584 | D:6      | Found a basalt altar of Yredelemnul.
  4586 | D:6      | Found an opulent altar of Gozag.
  4602 | D:6      | Found a hazy altar of Hepliaklqana.
  4614 | D:6      | Got a slimy cloak
  4625 | D:6      | Identified the +1 cloak of the Great Game {Harm rF+ rC-
                  | Str+5} (You found it on level 6 of the Dungeon)
  5076 | D:7      | Reached XP level 9. HP: 85/86 MP: 0/8
  5129 | D:7      | Reached ** piety under Cheibriados
  5236 | D:7      | Reached skill level 11 in Fighting
  5586 | D:7      | Noticed Pikel
  5596 | D:7      | Killed Pikel
  5596 | D:7      | Reached skill level 1 in Invocations
  5894 | D:7      | Found Loajihuh's Book Shop.
  6406 | D:8      | Reached *** piety under Cheibriados
  6407 | D:8      | Reached skill level 1 in Dodging
  6445 | D:8      | Found Aboggat's Antique Weapon Emporium.
  6462 | D:8      | Reached XP level 10. HP: 88/97 MP: 2/11
  6471 | D:8      | Reached skill level 12 in Fighting
  6694 | D:8      | Reached **** piety under Cheibriados
  7081 | D:8      | Got a tattered robe
  7092 | D:8      | Identified the +2 robe of Somarosch {Int+3 SInv} (You found
                  | it on level 8 of the Dungeon)
  7283 | D:9      | Found a staircase to the Lair.
  7302 | D:9      | Reached skill level 10 in Armour
  7309 | D:9      | Reached ***** piety under Cheibriados
  7309 | D:9      | Reached skill level 5 in Invocations
  8147 | D:10     | Entered Level 10 of the Dungeon
  8154 | D:10     | Reached XP level 11. HP: 106/106 MP: 5/14
  8184 | D:10     | Reached skill level 13 in Fighting
  8438 | D:10     | Noticed Maggie
  8443 | D:10     | Killed Maggie
  8972 | D:11     | Found a gate leading to a gauntlet.
  8986 | Gauntlet | Entered a Gauntlet
  8986 | Gauntlet | Found a transporter.
  8986 | Gauntlet | Found a transporter.
  8990 | Gauntlet | Found a transporter.
  8990 | Gauntlet | Found a transporter.
  8993 | Gauntlet | Noticed a sixfirhy
  9007 | Gauntlet | Noticed a fire crab
  9010 | Gauntlet | Found a transporter.
  9010 | Gauntlet | Found a transporter.
  9011 | Gauntlet | Found a transporter.
  9015 | Gauntlet | Found a transporter.
  9031 | Gauntlet | Found a transporter.
  9038 | Gauntlet | Found a transporter.
  9090 | Gauntlet | Found a transporter.
  9112 | Gauntlet | Found a transporter.
  9157 | Gauntlet | Found a transporter.
  9171 | Gauntlet | Found a transporter.
  9271 | Gauntlet | Found a transporter.
  9273 | Gauntlet | Noticed a necromancer
  9287 | Gauntlet | Found a transporter.
  9415 | Gauntlet | Got a brightly glowing dagger
  9442 | Gauntlet | Killed a necromancer
  9446 | Gauntlet | Reached skill level 10 in Bows
  9570 | Gauntlet | Reached ****** piety under Cheibriados
  9575 | Gauntlet | Killed a fire crab
  9593 | Gauntlet | Got a crude jade amulet
  9609 | Gauntlet | Noticed a minotaur
  9618 | Gauntlet | Killed a minotaur
  9618 | Gauntlet | Reached skill level 14 in Fighting
  9970 | D:11     | Found a sparkling altar of Nemelex Xobeh.
 10004 | D:11     | Found a snail-covered altar of Cheibriados.
 10018 | D:11     | Found a staircase to the Orcish Mines.
 10019 | D:11     | Noticed a white ugly thing
 10022 | D:11     | Killed a white ugly thing
 10022 | D:11     | Reached XP level 12. HP: 73/118 MP: 8/17
 10518 | D:12     | Found an ornate altar of the Wu Jian Council.
 10557 | D:12     | You fall into a shaft and drop 3 floors!
 10557 | D:15     | Entered Level 15 of the Dungeon
 10744 | D:15     | Noticed a centaur warrior
 10745 | D:15     | Noticed a five-headed hydra
 10750 | D:15     | Killed a centaur warrior
 10752 | D:15     | Killed a five-headed hydra
 10940 | D:15     | Reached skill level 15 in Fighting
 11407 | D:15     | Noticed a seven-headed hydra
 11413 | D:15     | Killed a seven-headed hydra
 11539 | D:15     | Noticed an eight-headed hydra
 11543 | D:15     | Killed an eight-headed hydra
 11808 | D:15     | Reached skill level 10 in Invocations
 12068 | D:15     | Noticed a centaur warrior
 12069 | D:15     | Killed a centaur warrior
 12307 | D:15     | Noticed a two-headed ogre
 12307 | D:15     | a faun changed into a two-headed ogre
 12307 | D:15     | a two-headed ogre changed into a snapping turtle
 12308 | D:15     | Found a staircase to the Depths.
 12460 | D:14     | Noticed a centaur warrior
 12462 | D:14     | Killed a centaur warrior
 12462 | D:14     | Reached XP level 13. HP: 128/128 MP: 10/19
 12865 | D:14     | Noticed Rupert
 12880 | D:14     | Killed Rupert
 12880 | D:14     | Reached skill level 16 in Fighting
 13934 | D:14     | Found a runed translucent door.
 14430 | D:14     | Found a roughly hewn altar of Beogh.
 14527 | D:13     | Found a runed translucent gate.
 14527 | D:13     | Found a runed translucent gate.
 14527 | D:13     | Found a runed translucent gate.
 14901 | D:13     | Found a gate to the Vaults.
 15023 | D:13     | Noticed Sonja
 15029 | D:13     | Killed Sonja
 15181 | D:13     | Reached skill level 17 in Fighting
 15181 | D:13     | Reached XP level 14. HP: 140/140 MP: 12/21
 15390 | D:13     | Identified the amulet of Diqaah {Inacc rF++ rN+ Str+3} (You
                  | found it in a Gauntlet)
 15396 | D:13     | Reached skill level 5 in Evocations
 15396 | D:13     | Reached XP level 15. HP: 135/147 MP: 14/23
 16280 | D:12     | Found Qeceenap's Armour Boutique.
 16647 | D:13     | Got a fading great sword
 16880 | D:13     | Identified the +7 great sword "Mangeofy" {speed, rF+} (You
                  | found it on level 13 of the Dungeon)
 16881 | D:13     | Identified the +11 dagger "Kuseimo" {vorpal, *Corrode rC++
                  | Str+4} (You found it in a Gauntlet)
 17027 | Lair:1   | Entered Level 1 of the Lair of Beasts
 17059 | Lair:1   | Found an ornate altar of the Wu Jian Council.
 17123 | Lair:1   | Found a transporter.
 17144 | Lair:1   | Noticed Prince Ribbit
 17152 | Lair:1   | Killed Prince Ribbit
 17390 | Lair:1   | Found a transporter.
 17451 | Lair:1   | Found the +3 pair of gauntlets of War {Slay+5}
 18175 | Lair:2   | Found a staircase to the Snake Pit.
 19240 | Lair:3   | Found a dark tunnel.
 19249 | Volcano  | Entered a volcano
 19860 | Lair:3   | Found a staircase to the Shoals.
 19874 | Lair:3   | Reached skill level 18 in Fighting
 19898 | Lair:3   | Reached skill level 15 in Bows
 20456 | Lair:4   | Got an ichor-stained quarterstaff
 22243 | Lair:6   | Entered Level 6 of the Lair of Beasts
 22368 | Lair:6   | Found a viscous altar of Jiyva.
 22369 | Lair:6   | Found a staircase to the Slime Pits.
 22390 | Lair:6   | Reached XP level 16. HP: 157/157 MP: 16/25
 23310 | Lair:6   | Found a large runed translucent door.
 23311 | Lair:6   | Found a large runed translucent door.
 23666 | Lair:6   | Identified the +1 ring mail of Jaew {Dex+3} (You found it
                  | on level 6 of the Lair of Beasts)
 23680 | Lair:6   | Identified Peiptool's Collected Works on Cold
 23913 | Shoals:1 | Entered Level 1 of the Shoals
 23976 | Shoals:1 | Found a flickering gateway to a bazaar.
 24005 | Bazaar   | Entered a bazaar
 24009 | Bazaar   | Found Moqummoh's Jewellery Boutique.
 24012 | Bazaar   | Found Ephinez's Assorted Antiques.
 24025 | Bazaar   | Found Ysuasoot's Gadget Boutique.
 24061 | Bazaar   | Found Guuxit's Magic Scroll Shoppe.
 24068 | Bazaar   | Bought a scroll of immolation for 49 gold pieces
 24068 | Bazaar   | Bought a scroll of magic mapping for 49 gold pieces
 24068 | Bazaar   | Bought a scroll of identify for 28 gold pieces
 24068 | Bazaar   | Bought a scroll of enchant armour for 105 gold pieces
 24068 | Bazaar   | Bought a scroll of identify for 28 gold pieces
 24068 | Bazaar   | Bought a scroll of teleportation for 42 gold pieces
 24068 | Bazaar   | Bought a scroll of teleportation for 42 gold pieces
 24068 | Bazaar   | Bought a scroll of holy word for 105 gold pieces
 24086 | Bazaar   | Bought the ring of the Mage {Wiz MR++ Int+3} for 517 gold
                  | pieces
 24086 | Bazaar   | Found the ring of the Mage {Wiz MR++ Int+3}
 24092 | Bazaar   | Bought a scroll of teleportation for 84 gold pieces
 24092 | Bazaar   | Bought a scroll of identify for 56 gold pieces
 24092 | Bazaar   | Bought a potion of cancellation for 224 gold pieces
 24092 | Bazaar   | Bought a scroll of identify for 56 gold pieces
 24092 | Bazaar   | Bought a scroll of teleportation for 84 gold pieces
 24092 | Bazaar   | Bought a wand of flame (15) for 28 gold pieces
 24098 | Bazaar   | Bought a wand of acid (9) for 234 gold pieces
 25701 | Shoals:1 | Reached skill level 19 in Fighting
 25876 | Shoals:2 | Found a runed translucent gate.
 25877 | Shoals:2 | Found a runed translucent gate.
 25878 | Shoals:2 | Found a runed translucent gate.
 25881 | Shoals:2 | Noticed rasy's ghost (adept MiHu)
 25881 | Shoals:2 | Noticed Kiref's ghost (adept HOFi)
 25882 | Shoals:2 | Noticed Omuilom's ghost (journeyman MiGl)
 25884 | Shoals:2 | Noticed Xash's ghost (adept MiBe)
 26618 | Shoals:2 | Identified the cursed +0 ring mail of the End {Int+3} (You
                  | found it on level 2 of the Shoals)
 27500 | Shoals:3 | Reached XP level 17. HP: 168/168 MP: 26/26
 27536 | Shoals:3 | Found a runed translucent door.
 27537 | Shoals:3 | Found a shimmering altar of Xom.
 27537 | Shoals:3 | Noticed semitonal's ghost (adept KoEn)
 27930 | Shoals:3 | Found Onunko's Book Shoppe.
 28132 | Shoals:4 | Entered Level 4 of the Shoals
 28418 | Shoals:4 | Identified the +8 mace of Moekoren {venom, *Slow rC+ Dex+4}
 28436 | Shoals:4 | Reached skill level 15 in Invocations
 28558 | Shoals:4 | Got a barnacled rune of Zot
 29662 | Shoals:4 | Reached skill level 20 in Fighting
 30376 | Orc:1    | Entered Level 1 of the Orcish Mines
 30418 | Orc:1    | Found a flagged portal.
 30426 | Bailey   | Entered a bailey
 31140 | Orc:2    | Entered Level 2 of the Orcish Mines
 31171 | Orc:2    | Found a bloodstained altar of Trog.
 31189 | Orc:2    | Noticed Urug
 31202 | Orc:2    | Killed Urug
 31338 | Orc:2    | Found Guhumoh's Magic Scroll Shop.
 31338 | Orc:2    | Found Gom Tonak's Antique Armour Emporium.
 31342 | Orc:2    | Found Dinlah's Gadget Emporium.
 31342 | Orc:2    | Found Bonn's Book Shop.
 31356 | Orc:2    | Bought a scroll of remove curse for 36 gold pieces
 31356 | Orc:2    | Bought a scroll of fog for 24 gold pieces
 31356 | Orc:2    | Bought a scroll of enchant weapon for 90 gold pieces
 31356 | Orc:2    | Bought a scroll of identify for 24 gold pieces
 31356 | Orc:2    | Bought a scroll of fear for 42 gold pieces
 31356 | Orc:2    | Bought a scroll of silence for 90 gold pieces
 31406 | Orc:2    | Found a staircase to the Elven Halls.
 31827 | Orc:1    | Found Jisuagaf's Antique Weapon Shoppe.
 31859 | Orc:1    | Bought a dazzling longbow for 199 gold pieces
 31859 | Orc:1    | Identified the +7 longbow "Noc Ani" {flame, MR- Int+4
                  | Dex+6} (You bought it in a shop on level 1 of the Orcish
                  | Mines)
 32013 | Elf:1    | Entered Level 1 of the Elven Halls
 32109 | Elf:1    | Found Fin Zecous's Magic Scroll Boutique.
 32123 | Elf:1    | Bought a scroll of acquirement for 780 gold pieces
 32123 | Elf:1    | Bought a scroll of blinking for 112 gold pieces
 32123 | Elf:1    | Acquired 1030 gold pieces
 32196 | Elf:1    | Reached XP level 18. HP: 180/180 MP: 28/28
 32306 | Elf:1    | Identified the +5 dagger "Futoam" {venom, MR+}
 33175 | Elf:2    | Found a huge runed translucent gate.
 33175 | Elf:2    | Found a huge runed translucent gate.
 33175 | Elf:2    | Found a huge runed translucent gate.
 33234 | Elf:2    | Identified the +6 scale mail "Lifedafi" {+Blink} (You found
                  | it on level 2 of the Elven Halls)
 33292 | Elf:2    | Found an ancient bone altar of Kikubaaqudgha.
 33625 | Elf:2    | Found a huge runed translucent gate.
 33625 | Elf:2    | Found a huge runed translucent gate.
 33660 | Elf:2    | Noticed Jorgrun
 33666 | Elf:2    | Killed Jorgrun
 33684 | Elf:2    | Reached skill level 21 in Fighting
 34232 | Elf:3    | Entered Level 3 of the Elven Halls
 34263 | Elf:3    | Found Ziets's Armour Shoppe.
 34624 | Elf:3    | Reached XP level 19. HP: 65/190 MP: 30/30
 35190 | Elf:3    | Cast into level 2 of the Abyss (a deep elf demonologist)
 35876 | Elf:3    | Escaped the Abyss
 36285 | Elf:3    | Cast into level 2 of the Abyss (a deep elf sorcerer)
 36335 | Abyss:2  | Gained mutation: Your body sometimes deteriorates upon
                  | taking damage. [a shining eye]
 36342 | Abyss:2  | Lost mutation: Your body sometimes deteriorates upon taking
                  | damage. [potion of mutation]
 36342 | Abyss:2  | Gained mutation: Armour fits poorly on your strangely
                  | shaped body. [potion of mutation]
 36342 | Abyss:2  | Gained mutation: You tend to lose your temper in combat.
                  | [potion of mutation]
 36342 | Abyss:2  | Gained mutation: You are partially covered in large bone
                  | plates. (SH +4) [potion of mutation]
 36343 | Abyss:2  | Lost mutation: You tend to lose your temper in combat.
                  | [potion of mutation]
 36343 | Abyss:2  | Lost mutation: Armour fits poorly on your strangely shaped
                  | body. [potion of mutation]
 36343 | Abyss:2  | Gained mutation: You have sharp toenails. [potion of
                  | mutation]
 36343 | Abyss:2  | Gained mutation: Your mind is acute. (Int +2) [potion of
                  | mutation]
 36343 | Abyss:2  | Gained mutation: Your mind is very acute. (Int +4) [potion
                  | of mutation]
 36431 | Elf:3    | Escaped the Abyss
 36442 | Elf:3    | Identified the cursed +1 demon whip of Tender Mercy {venom,
                  | MR+ Str+5}
 37220 | Elf:3    | Identified the Reference Book on Shifting Heat
 37239 | Elf:3    | Identified the +0 pair of gloves of Apathy {rC+} (You found
                  | it on level 3 of the Elven Halls)
 37247 | Elf:3    | Identified the Incunabulum of the Blind Marksman
 37250 | Elf:3    | Identified the cursed +0 ring mail of Truth {+Inv Dex-2
                  | Slay+3} (You found it on level 3 of the Elven Halls)
 37878 | Snake:1  | Entered Level 1 of the Snake Pit
 37895 | Snake:1  | Found a shimmering altar of Xom.
 38039 | Snake:1  | Noticed Asterion
 38044 | Snake:1  | Killed Asterion
 38044 | Snake:1  | Reached skill level 22 in Fighting
 38677 | Snake:2  | Reached skill level 15 in Armour
 38794 | Snake:2  | Found Fiohatis's Weapon Emporium.
 38794 | Snake:2  | Found Qeghaed's Armour Shoppe.
 38799 | Snake:2  | Found Utocable's Antique Weapon Emporium.
 38800 | Snake:2  | Found Dorghibra's Distillery.
 38810 | Snake:2  | Bought a potion of curing for 33 gold pieces
 38810 | Snake:2  | Bought a potion of mutation for 88 gold pieces
 38810 | Snake:2  | Bought a potion of brilliance for 44 gold pieces
 38810 | Snake:2  | Bought a potion of might for 44 gold pieces
 38810 | Snake:2  | Bought a potion of heal wounds for 55 gold pieces
 38810 | Snake:2  | Bought a potion of curing for 33 gold pieces
 38810 | Snake:2  | Bought a potion of curing for 33 gold pieces
 38810 | Snake:2  | Bought a potion of brilliance for 44 gold pieces
 38810 | Snake:2  | Bought a potion of brilliance for 44 gold pieces
 38810 | Snake:2  | Bought a potion of heal wounds for 55 gold pieces
 38810 | Snake:2  | Bought a potion of might for 44 gold pieces
 38810 | Snake:2  | Bought a potion of flight for 33 gold pieces
 38870 | Snake:2  | Found a runed translucent gate.
 38870 | Snake:2  | Found a runed translucent gate.
 38870 | Snake:2  | Identified the ring of Miracles {+Fly rPois Str-2 Int+3}
 38871 | Snake:2  | Found a runed translucent gate.
 38872 | Snake:2  | Noticed UristMcRaven's ghost (adept DECj)
 39450 | Snake:2  | Acquired the +0 hat "Nanoi" {MR+ Str+3 Slay+2}
 39775 | Snake:3  | Reached XP level 20. HP: 201/201 MP: 31/31
 40112 | Snake:3  | Noticed Vashnia
 40120 | Snake:3  | Killed Vashnia
 40543 | Snake:4  | Entered Level 4 of the Snake Pit
 41166 | Snake:4  | Reached skill level 23 in Fighting
 41530 | Snake:4  | Got a serpentine rune of Zot
 41536 | Snake:4  | Noticed Aizul
 41548 | Snake:4  | Killed Aizul
 42157 | D:7      | Bought a manual of Armour for 1545 gold pieces
 42440 | D:13     | Found a runed translucent gate.
 42440 | D:13     | Found a runed translucent gate.
 42449 | D:13     | Found a runed translucent gate.
 42449 | D:13     | Noticed Zuilysosh's ghost (journeyman DsEE)
 42536 | D:13     | Killed Zuilysosh's ghost
 42571 | D:13     | Gained mutation: Scrolls take you a little longer to read.
                  | [mutagenic glow]
 42572 | D:13     | Lost mutation: You have sharp toenails. [potion of
                  | mutation]
 42572 | D:13     | Lost mutation: Your mind is very acute. (Int +4) [potion of
                  | mutation]
 42572 | D:13     | Lost mutation: Scrolls take you a little longer to read.
                  | [potion of mutation]
 42572 | D:13     | Lost mutation: Your mind is acute. (Int +2) [potion of
                  | mutation]
 42572 | D:13     | Gained mutation: You are resistant to hostile enchantments.
                  | (MR+) [potion of mutation]
 42572 | D:13     | Gained mutation: You have sharp toenails. [potion of
                  | mutation]
 42572 | D:13     | Gained mutation: You possess an exceptional clarity of
                  | mind. [potion of mutation]
 42576 | D:13     | Gained mutation: You expend magic power (3 MP) to
                  | strengthen your wands. [mutagenic glow]
 42606 | Vaults:1 | Entered Level 1 of the Vaults
 42779 | Vaults:1 | Reached XP level 21. HP: 200/211 MP: 33/33
 43690 | Vaults:1 | Found an opulent altar of Gozag.
 44432 | Vaults:2 | Found a staircase to the Crypt.
 45495 | Vaults:3 | Reached skill level 24 in Fighting
 46338 | Vaults:3 | Reached XP level 22. HP: 203/222 MP: 34/34
 46660 | Vaults:4 | Identified the +6 scale mail of a Gauntlet {Dex+6} (You
                  | found it on level 4 of the Vaults)
 47908 | Vaults:5 | Entered Level 5 of the Vaults
 48106 | Depths:1 | Entered Level 1 of the Depths
 48834 | Depths:1 | Found a gateway to a ziggurat.
 49372 | Depths:1 | Found a gateway to Hell.
 49667 | Depths:1 | Found a one-way gate to the infinite horrors of the Abyss.
 49860 | Depths:1 | Reached XP level 23. HP: 220/232 MP: 36/36
 50807 | Depths:2 | Reached skill level 25 in Fighting
 51576 | Depths:3 | Noticed an ancient lich
 51578 | Depths:3 | Killed an ancient lich
 51801 | Depths:2 | Slain by a spark wasp

Illustrated notes

Levels and vault maps discovered:
D:1:      dpeg_arrival_water_altar, layout_loops_ring, hangedman_decor_growths,
          minmay_lizard_pond
D:2:      layout_basic, uniq_sigmund, uniq_robin
D:3:      layout_basic, grunt_gozag_breadcrumbs, uniq_ijyb
D:4:      layout_basic, marbit_many_paths, serial_undead, serial_undead_c,
          serial_undead_d, serial_undead_e, serial_undead_f, minivault_11,
          minmay_misc_feat_square, minmay_fractal_squares_diagonal_5
D:5:      layout_rooms, temple_pool_b, cheibrodos_sewer_entry_bend,
          chequers_serial_rivers_room_a, uniq_grinder, uniq_eustachio,
          uniq_menkaure
D:6:      layout_basic, grunt_temple_overflow_open,
          chequers_temple_overflow_minitemple,
          lightli_ossuary_entry_decrepit_ruins, nicolae_ru_path_of_blood
D:7:      layout_layer_cave, serial_shops, shop, uniq_pikel
D:8:      layout_gridville, serial_shops,
          nicolae_shop_competitors_out_of_business, kennysheep_generic_room_5
D:9:      layout_loops_ring, minmay_lair_entry_grove, hangedman_decor_opposing
D:10:     layout_loops_ring, uniq_maggie
D:11:     layout_basic, orc_0_dummy, basic_altar, gauntlet_entry_generic,
          pf_just_have_faith
D:12:     layout_small_grid, basic_altar, serial_shops, shop, drop_trap
D:13:     regret_index_harrowing_hell_hive, layout_layer_cave,
          grunt_vaults_entry_tiered,
          ploomutoo_gammafunk_ghost_potion_laboratory, uniq_sonja
D:14:     layout_small_grid, serial_bayou_lagoon_a, lightli_church_of_beogh,
          uniq_rupert
D:15:     gammafunk_enter_depths_forms, layout_basic
Temple:   minmay_temple_forest_path
Lair:1:   gammafunk_cloud_chamber, layout_regular_city, basic_altar,
          uniq_prince_ribbit2
Lair:2:   layout_cave_pods, guppyfry_snake_entry_garden
Lair:3:   layout_roguey, elwin_shoals_entry_stream, enter_volcano_2,
          special_room [special_room_bee]
Lair:4:   layout_gridlike
Lair:5:   layout_cave_pods, kennysheep_catoblepas_arena
Lair:6:   cheibrodos_lair_end_hotspot, layout_regular_city, slime_altar_1,
          serial_bayou_shore_b, serial_bayou_shore_b, minmay_lair_oklob_chamber
Shoals:1: cheibrodos_shoals_satyrical_garden, layout_shoals, serial_shops,
          bzr_entry_islet, nicolae_shoals_dead_sea_scrolls
Shoals:2: layout_shoals, gammafunk_ghost_cemetery
Shoals:3: layout_shoals, ebering_ghost_xom, serial_shops, shop_statue
Shoals:4: shoals_end_hangedman, layout_shoals
Snake:1:  skrybe_snakes_to_sticks, layout_gridlike, uniq_asterion
Snake:2:  layout_cave_pods, gammafunk_ghost_split, minmay_shoptagon,
          lemuel_fruit_tree
Snake:3:  layout_concentric_octagons, uniq_vashnia
Snake:4:  snake_pit, layout_chambers, special_room, uniq_aizul
Orc:1:    layout_caves, serial_shops, shop, enter_bailey_3
Orc:2:    grunt_orc_tribal_feast, layout_caves, basic_altar, uniq_urug
Elf:1:    eino_elf_arrival_customs, layout_loops_ring, serial_shops,
          nicolae_shop_waterfront, evilmike_minifort
Elf:2:    layout_geoelf_octagon, basic_altar, uniq_jorgrun
Elf:3:    elf_hall, layout_geoelf_diagonals, serial_shops, shop,
          nicolae_elf_stair_hall
Vaults:1: v_misc_30, vaults_mumra_minichess, v_pattern_5,
          ontoclasm_vaults_pinch, vaults_standard_mumra_lines, v_misc_11,
          vaults_dpeg_encased_lava, ontoclasm_vaults_ring_square,
          hangedman_vaults_snaps, ontoclasm_vaults_idyll,
          ontoclasm_vaults_decontamination, ontoclasm_vaults_ligature,
          nicolae_vaults_little_squares_6, grunt_vaults_focal,
          layout_vaults_omnibox, basic_altar
Vaults:2: vaults_standard_mumra_enter_the_diamond,
          minmay_crypt_entry_simple_box, hangedman_vaults_trim,
          vaults_room_corners, nicolae_vaults_what_the_h,
          nicolae_vaults_windows_and_doors_thing, vaults_room_door_ring,
          hangedman_vaults_maws, hangedman_vaults_impose, v_misc_17, st_squares,
          ontoclasm_vaults_idyll, grunt_vaults_diagonal,
          nicolae_vaults_hallways_thing, layout_vaults_maze_bifur
Vaults:3: v_misc_19, dpeg_vaults_monster_box, vaults_standard_mumra_x,
          nicolae_vaults_rhombus_7, nicolae_vaults_little_squares_6,
          vaults_mumra_hex, v_rooms_4, grunt_vaults_hallway_short,
          st_hourglassy, nicolae_vaults_specimen_jars, layout_vaults_omnicross
Vaults:4: v_pattern_1, nicolae_vaults_network_quincunx
          [nicolae_vaults_network_quincunx_subvault,
          nicolae_vaults_network_quincunx_subvault,
          nicolae_vaults_network_quincunx_subvault,
          nicolae_vaults_network_quincunx_subvault,
          nicolae_vaults_network_quincunx_subvault], v_misc_4,
          vaults_room_grunt_arrival_checkpoint, vaults_room_pools,
          nicolae_vaults_yaktaur_gun_rack, vaults_room_corners,
          layout_vaults_quadrants
Vaults:5
Depths:1: four-leaf_vault, layout_cave_pools, enter_ziggurat_f,
          hangedman_abyss_entry_splay, hell_entry, solitary_fountain,
          kennysheep_windowed_goal
Depths:2: kennysheep_scales, layout_basic, hell_entry,
          chequers_serial_rivers_micro_a, hangedman_abyss_or_decor_clamps,
          minmay_three_doors
Depths:3: hangedman_crystal_crosses_colossus [crystal_crosses_arms_four,
          crystal_crosses_arms_four, crystal_crosses_arms_two,
          crystal_crosses_arms_one], abyss_entry, pan_entry, hell_entry

Skill      XL: |  1  2  3  4  5  6  7  8  9 10 11 12 13 14 15 16 17 18 19 20 21 22 23 |
---------------+----------------------------------------------------------------------+-----
Fighting       | 4 5 6 8 9 10 11 12 14 15 17 18 19 20 21 22 23 24 25 | 25.2
Armour         | 4 5 6 7 8 9 10 11 12 13 14 15 16 18 20 | 20.7
Bows           | 2 5 7 8 10 12 13 14 15 16 17 18 19 20 21 22 | 22.6
Invocations    | 3 5 8 10 11 12 13 14 15 16 17 18 19 20 | 20.6
Dodging        | 1 3 |  3.0
Evocations     | 5 6 7 8 |  8.0
Long Blades    | |  2.9
Shields        | |  3.8

Action                   |  1- 3 |  4- 6 |  7- 9 | 10-12 | 13-15 | 16-18 | 19-21 | 22-24 || total
-------------------------+-------+-------+-------+-------+-------+-------+-------+-------++-------
Melee: Long sword        |    84 |   197 |    92 |       |       |       |       |       ||   373
       Headbutt          |    17 |    39 |    54 |   113 |   176 |    67 |    23 |    21 ||   510
       Flail             |       |       |   206 |   385 |   500 |   202 |    43 |    41 ||  1377
       Longbow           |       |       |       |       |       |       |       |     1 ||     1
 Fire: Longbow           |       |       |       |       |     9 |   810 |  1340 |   587 ||  2746
Invok: Slouch            |       |       |       |     2 |     3 |     6 |     1 |     5 ||    17
       Bend Time         |       |       |       |       |     3 |     2 |     1 |     1 ||     7
       Step From Time    |       |       |       |       |       |     3 |       |     1 ||     4
       Temporal Distorti |       |       |       |       |       |       |     1 |       ||     1
Evoke: Wand              |       |       |     5 |       |     5 |    10 |     6 |     1 ||    27
       Tin of tremorston |       |       |       |       |     2 |       |       |       ||     2
  Use: Scroll            |       |       |    10 |    11 |    10 |    11 |     4 |     6 ||    52
       Potion            |       |       |     5 |     2 |     3 |    10 |     3 |     5 ||    28
 Stab: Distracted        |       |       |       |       |     2 |       |       |       ||     2
       Invisible         |       |       |       |       |       |     2 |       |       ||     2
Armor: Scale mail        |    33 |    86 |   142 |   149 |   192 |    35 |   181 |   132 ||   950
       Skin              |       |       |       |     4 |       |     8 |       |       ||    12
       Ring mail         |       |       |       |       |    45 |   180 |       |       ||   225
Dodge: Dodged            |    39 |    58 |    97 |   141 |   199 |   248 |   189 |   122 ||  1093
Block: Kite shield       |    55 |   107 |   243 |   550 |   893 |   413 |    59 |   126 ||  2446
       Reflection        |       |       |       |    33 |    63 |    88 |    44 |    22 ||   250
       Other             |       |       |       |       |       |    60 |   125 |    62 ||   247
       Rpst.: Long sword |    13 |    13 |     5 |       |       |       |       |       ||    31

Table legend: (Time is in decaauts)
 A = Elapsed time spent in this place.
 B = Non-inter-level travel time spent in this place.
 C = Inter-level travel time spent in this place.
 D = Time resting spent in this place.
 E = Time spent auto-exploring this place.
 F = Levels seen in this place.
 G = Mean time per level.
                   A        B        C        D        E       F      G
               +--------+--------+--------+--------+--------+-----+--------+
         Total |  79107 |  73580 |   5527 |  13253 |  46936 |  51 | 1551.1 |
       Dungeon |  23845 |  21626 |   2219 |   4992 |  12690 |  15 | 1589.7 |
        Temple |    412 |    301 |    111 |      0 |    300 |   1 |  412.0 |
          Lair |  11627 |  10643 |    984 |   1178 |   8314 |   6 | 1937.8 |
        Shoals |   8993 |   8752 |    241 |   3053 |   4196 |   4 | 2248.2 |
     Snake Pit |   7062 |   6569 |    493 |      0 |   5384 |   4 | 1765.5 |
  Orcish Mines |   2170 |   1952 |    218 |      0 |   1533 |   2 | 1085.0 |
   Elven Halls |   7124 |   6450 |    674 |   1911 |   3231 |   3 | 2374.7 |
        Vaults |   8555 |   8090 |    465 |    680 |   6027 |   5 | 1711.0 |
        Depths |   4594 |   4476 |    118 |    765 |   3082 |   3 | 1531.3 |
         Abyss |   1117 |   1117 |      0 |    382 |    162 |   2 |  558.5 |
        Bazaar |    205 |    205 |      0 |      0 |    112 |   1 |  205.0 |
         Sewer |    280 |    280 |      0 |    107 |    101 |   1 |  280.0 |
       Ossuary |    228 |    228 |      0 |      0 |     78 |   1 |  228.0 |
        Bailey |    767 |    767 |      0 |      0 |    614 |   1 |  767.0 |
       Volcano |    896 |    896 |      0 |     97 |    489 |   1 |  896.0 |
      Gauntlet |   1224 |   1224 |      0 |     87 |    619 |   1 | 1224.0 |
               +--------+--------+--------+--------+--------+-----+--------+

Top non-repeatable levels by time:
    D:13: 3702 daAuts
    D:15: 3602 daAuts
   Elf:3: 3436 daAuts
    D:14: 2934 daAuts
Shoals:4: 2911 daAuts
Shoals:1: 2643 daAuts
  Lair:6: 2617 daAuts
Vaults:4: 2340 daAuts
 Snake:4: 2279 daAuts
Vaults:1: 2269 daAuts
  Lair:2: 2160 daAuts
     D:7: 2131 daAuts
Depths:1: 2131 daAuts
Vaults:3: 2061 daAuts
   Elf:2: 2049 daAuts
